 Dungeon Crawl Stone Soup version 0.29.0-4-gdea44cf6ec (webtiles) character file.

Game seed: 2339542611402197364

1496 qw the Cleaver (level 8, 0/69 (70) HPs)
             Began as a Minotaur Fighter on Sept 7, 2022.
             Was an Initiate of Ru.
             Slain by a gnoll
             ... wielding a +0 spear
             ... led by a gnoll bouda
              (1 damage)
             ... on level 6 of the Dungeon.
             The game lasted 00:01:52 (5333 turns).

qw the Cleaver (Minotaur Fighter)                   Turns: 5333, Time: 00:01:53

HP:   0/69 (70)     AC:  9    Str: 23    XL:     8   Next: 51%
MP:   7/7           EV:  8    Int:  5    God:    Ru [......]
Gold: 311           SH:  9    Dex: 10    Spells: 7/7 levels left

rFire   . . .      SeeInvis .   Y - +1 war axe
rCold   . . .      Faith    .   c - +0 buckler
rNeg    . . .      Spirit   .   j - +0 chain mail
rPois   .          Reflect  +   (helmet restricted)
rElec   .          Harm     .   (no cloak)
rCorr   .          Rampage  .   (no gloves)
Will    .....                   (no boots)
Stlth   ..........              l - amulet of reflection
HPRegen 0.21/turn               (no ring)
MPRegen 0.10/turn               (no ring)

@: about to teleport, lightly drained
A: horns 2, retaliatory headbutt
a: Renounce Religion, Sacrifice Stealth, Sacrifice Purity, Sacrifice a Hand,
Reject Sacrifices


You were on level 6 of the Dungeon.
You worshipped Ru.
Ru was noncommittal.
You visited 2 branches of the dungeon, and saw 7 of its levels.

You collected 311 gold pieces.


Innate Abilities, Weirdness & Mutations

You have a pair of horns on your head.
You reflexively headbutt those who attack you in melee.


   Skills:
 - Level 6.3 Fighting
 - Level 11.1 Axes
 - Level 2.2 Throwing
 - Level 3.6 Armour
 - Level 2.1 Dodging
 + Level 3.8 Shields


You had 7 spell levels left.
You didn't know any spells.
Your spell library was empty.

Inventory:

Hand Weapons
 i - a +2 vampiric whip
 Y - a +1 war axe (weapon)
Missiles
 f - 5 javelins (quivered)
 o - 2 boomerangs
Armour
 c - a +0 buckler (worn)
 g - a +0 cloak
 j - a +0 chain mail (worn)
Jewellery
 l - an amulet of reflection (around neck)
 n - an amulet of the acrobat
Scrolls
 h - 4 scrolls of identify
Potions
 b - 2 potions of haste
 d - a potion of might
 e - 2 potions of curing
 k - a potion of mutation
 m - a potion of heal wounds
 p - a potion of resistance

Dungeon Overview and Level Annotations

Branches:
Dungeon (6/15)             Temple (1/1) D:5

Altars:
Cheibriados
Dithmenos
Elyvilon
Qazlal
Ru
Trog
Uskayaw
Xom

Shops:
D:1 [   D:3 =

Annotations:
D:3 1 runed translucent door, Crazy Yiuf


Message History

The gnoll hits you from afar with a +0 spear.
You block the wight's attack. The wight hits you with a +2 flail.
The orc warrior hits you from afar with a +0 glaive.
You block the wight's attack.
You slash the wight! You headbutt the wight.
You destroy the wight!
The wight dissolves into shadows!
You hit the wight. You slash the gnoll! The gnoll hits you with a +0 halberd.
The gnoll barely misses you.
The orc warrior hits you from afar with a +0 glaive!
The wight barely misses you. You block the wight's attack.
You slash the gnoll!
You kill the gnoll!
You hit the wight. You closely miss the wight. You block the gnoll's attack.
You block the orc warrior's attack. You block the wight's attack.
The wight completely misses you. You furiously retaliate!
You headbutt the wight!
You destroy the wight!
The wight dissolves into shadows!
The wight hits you with a +3 hand axe of freezing.
The wight freezes you. The wight closely misses you.
You hit the wight but do no damage. You headbutt the wight!
The wight is heavily damaged.
You hit the gnoll bouda. You block the gnoll's attack.
You block the gnoll bouda's attack. The wight closely misses you.
The orc warrior hits you from afar with a +0 glaive.
You block the wight's attack. The wight completely misses you.
You completely miss the wight.
The wight is heavily damaged.
You barely miss the gnoll bouda. You block the gnoll's attack.
The gnoll bouda barely misses you. You furiously retaliate!
You headbutt the gnoll bouda.
The orc warrior hits you from afar with a +0 glaive!
The wight hits you but does no damage. The wight closely misses you.
The wight hits you from afar with a +0 halberd!
5333 ||| READING scroll of teleportation.
As you read the scroll of teleportation, it crumbles to dust.
You feel strangely unstable.
The gnoll hits you from afar with a +0 spear.
You die...

####.####### #
#..........# ### ...
#...######.# ?... ###
#....# #.### ....
#....#####...## .>...
#.......####..###....
###..##......z.#..#
##.########.z..###
#.# #@.z...# #.#
##g###..# #.# #.goY#
.# ... ..>##o# # ...
...## o# g.... . g.g.
..


gg. .. ... ..# You could see an orc warrior (summoned), an ice beast (summoned),
a gnoll bouda, 3 wights, an orc priest (summoned), a gnoll (swift) and an orc
(summoned).

Vanquished Creatures
  Eustachio (D:4)
  A water moccasin (D:5)
  A black bear (D:5)
  A sky beast (D:6)
  An ice beast (D:6)
  An ogre (D:5)
  2 necrophages
  2 scorpions
  5 wights (D:6)
  A howler monkey (D:5)
  A hound (D:5)
  2 jellies
  An orc priest (D:3)
  2 iguanas (D:5)
  6 gnolls
  3 adders
  3 white imps (D:5)
  5 worms
  6 dart slugs
  5 orcs
  5 bats
  4 endoplasms
  3 giant cockroaches
  4 goblins
  6 hobgoblins
  4 jackals (D:1)
  A quokka (D:1)
  6 ball pythons
  5 frilled lizards
  3 kobolds
  5 rats
96 creatures vanquished.

Vanquished Creatures (others)
  13 plants (D:6)
13 creatures vanquished.

Grand Total: 109 creatures vanquished

Notes
Turn   | Place    | Note
-------+----------+-------------------------------------------
     0 | D:1      | qw the Minotaur Fighter began the quest for the Orb.
     0 | D:1      | Reached XP level 1. HP: 19/19 MP: 0/0
     0 | D:1      | 0 ||| qw: Version: 0.1-a-108-g9e35731
     0 | D:1      | 0 ||| qw: Game counter: 6461
     0 | D:1      | 0 ||| qw: Always use a shield: true
     0 | D:1      | 0 ||| qw: God list: Ru
     0 | D:1      | 0 ||| qw: Allow faded altars: false
     0 | D:1      | 0 ||| qw: Do Orc after D:15 true
     0 | D:1      | 0 ||| qw: Do second Lair branch before Depths: true
     0 | D:1      | 0 ||| qw: Lair rune preference: random
     0 | D:1      | 0 ||| qw: Plans: Normal
     0 | D:1      | 0 ||| PLANNING D:1-11
   102 | D:1      | Reached skill level 3 in Axes
   144 | D:1      | Reached XP level 2. HP: 26/26 MP: 1/1
   320 | D:1      | 320 ||| DROPPING +0 club.
   389 | D:1      | Found Tuogiav's Antique Armour Shop.
   392 | D:1      | 392 ||| SHOPLISTING chain mail (121 gold, have 16).
   392 | D:1      | 392 ||| SHOPLISTING dyed leather armour (135 gold, have
                  | 16).
   392 | D:1      | 392 ||| SHOPLISTING faintly glowing cloak (256 gold, have
                  | 16).
   392 | D:1      | 392 ||| SHOPLISTING pair of embroidered gloves (202 gold,
                  | have 16).
   392 | D:1      | 392 ||| SHOPLISTING pair of runed boots (202 gold, have
                  | 16).
   436 | D:1      | Reached skill level 4 in Axes
   450 | D:1      | 450 ||| Stepping ~*~*~tactically~*~*~ (hiding).
   451 | D:1      | 451 ||| Stepping ~*~*~tactically~*~*~ (hiding).
   453 | D:1      | 453 ||| Stepping ~*~*~tactically~*~*~ (hiding).
   454 | D:1      | 454 ||| Stepping ~*~*~tactically~*~*~ (hiding).
   529 | D:1      | 529 ||| Stepping ~*~*~tactically~*~*~ (stealth).
   536 | D:1      | Reached XP level 3. HP: 29/31 MP: 2/2
   644 | D:1      | 644 ||| READING scroll labelled SOCSIXTETERA.
   648 | D:1      | 648 ||| READING 2 scrolls labelled YHEINW ZOJU.
  1028 | D:2      | Reached skill level 5 in Axes
  1081 | D:2      | 1081 ||| Stepping ~*~*~tactically~*~*~ (hiding).
  1497 | D:2      | 1497 ||| Stepping ~*~*~tactically~*~*~ (stealth).
  1501 | D:2      | Reached skill level 1 in Dodging
  1686 | D:2      | 1686 ||| UPGRADING to +0 chain mail.
  1696 | D:2      | 1696 ||| DROPPING +0 scale mail.
  1697 | D:2      | 1697 ||| READING scroll labelled GIOTIT NAEHASI.
  1698 | D:2      | 1698 ||| READING scroll labelled YKISOO KYOCH.
  1699 | D:2      | 1699 ||| READING 2 scrolls labelled ZAIRANAASI.
  1700 | D:2      | 1700 ||| READING scroll labelled IQOMAI MOZXU.
  1701 | D:2      | 1701 ||| DRINKING 2 fuming pink potions.
  1725 | D:2      | 1725 ||| READING 4 scrolls of identify.
  1725 | D:2      | 1725 ||| IDENTIFYING black potion
  1726 | D:2      | 1726 ||| READING 3 scrolls of identify.
  1726 | D:2      | 1726 ||| IDENTIFYING fizzy green potion
  1727 | D:2      | 1727 ||| READING 2 scrolls of identify.
  1727 | D:2      | 1727 ||| IDENTIFYING sedimented amethyst potion
  1728 | D:2      | 1728 ||| DROPPING potion of lignification.
  1729 | D:2      | 1729 ||| DROPPING scroll of vulnerability.
  1786 | D:3      | 1786 ||| Stepping ~*~*~tactically~*~*~ (stealth).
  1787 | D:3      | 1787 ||| Stepping ~*~*~tactically~*~*~ (stealth).
  1792 | D:3      | Reached XP level 4. HP: 39/39 MP: 3/3
  1941 | D:3      | Found a faded altar of an unknown god.
  1946 | D:3      | Found Loirey's Jewellery Shoppe.
  1960 | D:3      | 1960 ||| FLEEEEING.
  1961 | D:3      | 1961 ||| FLEEEEING.
  1962 | D:3      | 1962 ||| FLEEEEING.
  1969 | D:3      | 1969 ||| STAIRDANCE
  1993 | D:2      | 1993 ||| DRINKING 2 purple potions.
  2012 | D:3      | 2012 ||| SHOPLISTING amulet of reflection (420 gold, have
                  | 112).
  2012 | D:3      | 2012 ||| SHOPLISTING ring of fire (350 gold, have 112).
  2012 | D:3      | 2012 ||| SHOPLISTING ring of protection from cold (350
                  | gold, have 112).
  2012 | D:3      | 2012 ||| SHOPLISTING ring of protection from fire (350
                  | gold, have 112).
  2012 | D:3      | 2012 ||| SHOPLISTING ring of resist corrosion (280 gold,
                  | have 112).
  2065 | D:3      | Found a runed translucent door.
  2066 | D:3      | Noticed Crazy Yiuf
  2390 | D:3      | Reached skill level 6 in Axes
  2390 | D:3      | Reached XP level 5. HP: 45/45 MP: 4/4
  2762 | D:4      | Noticed Eustachio
  2776 | D:4      | 2776 ||| Stepping ~*~*~tactically~*~*~ (stealth).
  2800 | D:4      | Killed Eustachio
  2801 | D:4      | Reached skill level 8 in Axes
  2801 | D:4      | Reached XP level 6. HP: 35/51 MP: 5/5
  3326 | D:4      | 3326 ||| UPGRADING to amulet of reflection.
  3331 | D:4      | 3331 ||| READING scroll labelled ILUUJO QIZY.
  3332 | D:4      | 3332 ||| DRINKING 2 bubbling blue potions.
  3333 | D:4      | 3333 ||| READING 3 scrolls of identify.
  3333 | D:4      | 3333 ||| IDENTIFYING fizzy blue potion
  3334 | D:4      | 3334 ||| READING 2 scrolls of identify.
  3334 | D:4      | 3334 ||| IDENTIFYING red potion
  3335 | D:4      | 3335 ||| DROPPING potion of flight.
  3336 | D:4      | 3336 ||| DROPPING potion of magic.
  3367 | D:5      | Entered Level 5 of the Dungeon
  3500 | D:5      | Found a staircase to the Ecumenical Temple.
  3501 | D:5      | 3501 ||| PLANNING TEMPLE
  3510 | Temple   | Entered the Ecumenical Temple
  3518 | Temple   | Became a worshipper of Ru the Awakened
  3520 | Temple   | 3520 ||| PLANNING D:1-11
  3550 | D:5      | Found a bloodstained altar of Trog.
  3557 | D:5      | Noticed a water moccasin
  3559 | D:5      | Killed a water moccasin
  3560 | D:5      | Reached XP level 7. HP: 52/60 MP: 6/6
  3771 | D:5      | 3771 ||| Stepping ~*~*~tactically~*~*~ (stealth).
  3825 | D:5      | Reached skill level 9 in Axes
  3831 | D:5      | 3831 ||| Stepping ~*~*~tactically~*~*~ (hiding).
  3873 | D:5      | 3873 ||| Stepping ~*~*~tactically~*~*~ (stealth).
  3874 | D:5      | 3874 ||| Stepping ~*~*~tactically~*~*~ (stealth).
  3890 | D:5      | 3890 ||| Stepping ~*~*~tactically~*~*~ (stealth).
  3891 | D:5      | 3891 ||| Stepping ~*~*~tactically~*~*~ (stealth).
  3903 | D:5      | Reached skill level 6 in Fighting
  4077 | D:5      | Found a snail-covered altar of Cheibriados.
  4392 | D:5      | Found a stormy altar of Qazlal.
  4407 | D:5      | 4407 ||| READING scroll labelled DAOTIA GUDGHOV.
  4408 | D:5      | 4408 ||| READING 4 scrolls of identify.
  4408 | D:5      | 4408 ||| IDENTIFYING bubbling inky potion
  4409 | D:5      | 4409 ||| DROPPING potion of degeneration.
  4436 | D:6      | 4436 ||| STAIRDANCE
  4532 | D:6      | Reached XP level 8. HP: 31/70 MP: 7/7
  4539 | D:6      | HP: 17/70 [poisoned by a scorpion]
  4555 | D:6      | 4555 ||| FLEEEEING.
  4556 | D:6      | 4556 ||| FLEEEEING.
  4560 | D:6      | 4560 ||| STAIRDANCE
  4810 | D:6      | 4810 ||| Stepping ~*~*~tactically~*~*~ (stealth).
  4812 | D:6      | 4812 ||| Stepping ~*~*~tactically~*~*~ (stealth).
  4814 | D:6      | 4814 ||| Stepping ~*~*~tactically~*~*~ (stealth).
  4820 | D:6      | Reached skill level 10 in Axes
  4978 | D:6      | Reached skill level 11 in Axes
  4978 | D:6      | 4978 ||| READING 2 scrolls of teleportation.
  5320 | D:6      | 5320 ||| Stepping ~*~*~tactically~*~*~ (hiding).
  5332 | D:6      | HP: 10/69 [orc warrior/+0 glaive[a gnoll bouda] (13)]
  5332 | D:6      | HP: 1/69 [wight/+0 halberd[a gnoll bouda] (9)]
  5333 | D:6      | 5333 ||| READING scroll of teleportation.
  5333 | D:6      | Slain by a gnoll

Levels and vault maps discovered:
D:1:      saegor_arrival_simple_b, layout_rooms, serial_shops,
          nicolae_shop_behind_doors, minmay_distorted
D:2:      layout_loops_corners
D:3:      layout_basic, dreamdust_ecumenical_altar_statues, serial_shops, shop,
          uniq_crazy_yiuf_cottage
D:4:      layout_basic, kennysheep_flooded_box, minmay_misc_feat_chi,
          uniq_eustachio
D:5:      layout_basic, kennysheep_slug_shrine, mainiacjoe_overflow_swirl,
          minmay_temple_entry_trees, grunt_decor_junction, st_stairs_6,
          minmay_circle_x
D:6:      layout_rooms, nicolae_hepliaklqana_hazy_memory
Temple:   nicolae_temple_two_arcs

Skill      XL: |  1  2  3  4  5  6  7  8 |
---------------+-------------------------+-----
Axes           | 3 4 5 6 8 9 11 | 11.1
Dodging        | 1 2 |  2.1
Fighting       | 4 6 |  6.3
Throwing       | 2 |  2.2
Armour         | |  3.6
Shields        | |  3.8

Action                   |  1- 3 |  4- 6 |  7- 9 || total
-------------------------+-------+-------+-------++-------
Melee: War axe           |    86 |    93 |    72 ||   251
       Headbutt          |    15 |    12 |    17 ||    44
Throw: Javelin           |       |       |    14 ||    14
  Use: Scroll            |     9 |     3 |     4 ||    16
       Potion            |     1 |     2 |       ||     3
Armor: Scale mail        |    35 |       |       ||    35
       Chain mail        |       |    36 |    17 ||    53
Dodge: Dodged            |    32 |    22 |    21 ||    75
Block: Buckler           |    23 |    26 |    44 ||    93

Table legend:
 A = Non-vault XP
 B = Vault XP
 C = Vault XP percentage of total XP
 D = Non-vault monster count
 E = Vault monster count
 F = Vault count percentage of total count
                 A         B        C        D         E       F
            +---------+---------+-------+---------+---------+-------
      Total |    1582 |     556 |  26.0 |      84 |      12 |  12.5
            +---------+---------+-------+---------+---------+-------
        D:1 |      42 |       5 |  10.6 |      23 |       4 |  14.8
        D:2 |      48 |       0 |   0.0 |      16 |       0 |   0.0
        D:3 |     127 |       0 |   0.0 |      19 |       0 |   0.0
        D:4 |     135 |     208 |  60.6 |       4 |       1 |  20.0
        D:5 |     443 |     343 |  43.6 |      10 |       7 |  41.2
        D:6 |     787 |       0 |   0.0 |      12 |       0 |   0.0
            +---------+---------+-------+---------+---------+-------
